 Dungeon Crawl Stone Soup version 0.27-b1-41-gafb5482f4b (webtiles) character file.

Game seed: 8762543098037135619

1217 mhtbhm the Quickloader (level 8, -4/68 HPs)
             Began as a Minotaur Hunter on July 28, 2021.
             Was an Initiate of Qazlal.
             Succumbed to a water moccasin's poison
             ... on level 5 of the Dungeon.
             The game lasted 00:09:07 (5624 turns).

mhtbhm the Quickloader (Minotaur Hunter)            Turns: 5624, Time: 00:09:07

Health: -4/68      AC:  4    Str: 19    XL:     8   Next: 22%
Magic:  7/7        EV: 12    Int:  8    God:    Qazlal [......]
Gold:   267        SH:  0    Dex: 11    Spells: 7/7 levels left

rFire    . . .     SeeInvis .   b - +0 short sword
rCold    . . .     Faith    .   (no shield)
rNeg     . . .     Spirit   .   c - +0 leather armour
rPois    .         Reflect  .   (helmet restricted)
rElec    .         Harm     .   (no cloak)
rCorr    .         Rampage  .   h - +0 pair of gloves
Will     .....                  (no boots)
Stlth    +.........             (no amulet)
HPRegen  0.21/turn              (no ring)
MPRegen  0.10/turn              (no ring)

@: lethally poisoned (-4 -> -25), attractive
A: horns 2, retaliatory headbutt
a: Renounce Religion


You were on level 5 of the Dungeon.
You worshipped Qazlal.
Qazlal was noncommittal.
You visited 1 branch of the dungeon, and saw 5 of its levels.
You also visited: Ossuary.

You collected 267 gold pieces.

Inventory:

Hand Weapons
 a - a +0 arbalest
 b - a +0 short sword (weapon)
Missiles
 d - 13 bolts
Armour
 c - a +0 leather armour (worn)
 h - a +0 pair of gloves (worn)
Jewellery
 p - a ring of ice
Wands
 m - a wand of flame (25)
 w - a wand of iceblast (5)
Scrolls
 e - 3 scrolls of amnesia
 i - a scroll of fog {unknown}
 j - a scroll of brand weapon {unknown}
 k - a scroll of enchant armour {unknown}
 l - a scroll of noise {unknown}
 n - a scroll of blinking
Potions
 f - a potion of cancellation
 g - 3 potions of flight
 o - a potion of haste
 r - a potion of lignification
 t - a potion of ambrosia {unknown}


   Skills:
 + Level 5.3 Fighting
 + Level 4.8 Short Blades
 + Level 8.1 Crossbows
 + Level 3.3 Armour
 + Level 4.0 Dodging
 - Level 1.0 Stealth
 + Level 1.0 Evocations


You had 7 spell levels left.
You didn't know any spells.
Your spell library contained the following spells:

 Spells                   Type           Power      Damage    Failure   Level
 Summon Forest            Summ/Tloc      0%         N/A       100%        5
 Eringya's Noxious Bog    Tmut/Pois      0%         N/A       100%        6
 Summon Hydra             Summ           0%         N/A       100%        7


Dungeon Overview and Level Annotations

Branches:
Dungeon (5/15)            Ossuary (visited)
 Temple: D:4-7

Altars:
Qazlal
Beogh

Shops:
D:3 :

Annotations:
D:5 3 runed translucent doors, JBAR's ghost, amateur GnFi


Innate Abilities, Weirdness & Mutations

You have a pair of horns on your head.
You reflexively headbutt those who attack you in melee.


Message History

Unknown command.
You feel much better.
You feel very sick. The water moccasin closely misses you.
Unknown command.
Aiming: Throw Flame
Press: ? - help, Shift-Dir - straight line, f - water moccasin
Aim: a water moccasin (almost dead, 48% to hit)
The puff of flame misses the water moccasin.
The puff of flame misses the adder.
You feel very sick. The water moccasin bites you!
You are more poisoned.
The water moccasin poisons you! The water moccasin bites you.
You are lethally poisoned!
The water moccasin poisons you!
You closely miss the water moccasin.
The water moccasin is almost dead.
* * * LOW HITPOINT WARNING * * *
You feel extremely sick. The water moccasin misses you.
Unknown command.
You barely miss the water moccasin.
The water moccasin is almost dead.
* * * LOW HITPOINT WARNING * * *
You feel very sick. The water moccasin bites you.
* * * LOW HITPOINT WARNING * * *
Unknown command.
Unknown command.
You hit the water moccasin.
The water moccasin is almost dead.
* * * LOW HITPOINT WARNING * * *
You feel very sick.
The water moccasin bites you but does no damage.
Unknown command.
Unknown command.
It was a potion of attraction.
You feel attractive to monsters.
You die...

#.#. ..#)
####. +# #. ..
## .$ ### #.#.
#.######
#.$.########
#..(...#
#..'.)SS@.+
#.####..
S.$..####w####
#....... #S.
##....##
#....... #
##......##
#.......
#..#..#..#
###.####..
#...##...#
#.........
#...##...#
#...#####.
#..#..#..#
###...### ##
##......##
#.......#


You could see a water moccasin, a worm and an adder.

Vanquished Creatures
  2 wraiths (Ossuary)
  An ice beast (D:5)
  A black bear (D:4)
  An ogre (D:5)
  A phantom (D:5)
  2 scorpions
  A water moccasin skeleton (D:5)
  2 wights (Ossuary)
  2 hounds
  An orc priest (D:5)
  A centaur skeleton (D:5)
  An iguana (D:5)
  An adder (D:5)
  5 gnolls
  A shadow imp (D:5)
  An ufetubus (D:5)
  4 worms
  5 dart slugs
  12 orcs
  8 ball pythons
  5 bats
  6 endoplasms
  4 giant cockroaches
  9 goblins
  7 hobgoblins
  8 jackals
  8 quokkas
  2 ball python skeletons (Ossuary)
  5 frilled lizards
  2 hobgoblin zombies (Ossuary)
  3 kobolds
  2 kobold zombies (Ossuary)
  An orc skeleton (Ossuary)
  3 orc zombies (Ossuary)
  6 rats
124 creatures vanquished.

Notes
Turn   | Place    | Note
-------+----------+-------------------------------------------
     0 | D:1      | mhtbhm the Minotaur Hunter began the quest for the Orb.
     0 | D:1      | Reached XP level 1. HP: 18/18 MP: 0/0
   103 | D:1      | Reached XP level 2. HP: 25/25 MP: 1/1
   138 | D:1      | Reached skill level 5 in Crossbows
   347 | D:1      | Reached XP level 3. HP: 30/30 MP: 2/2
   825 | D:2      | Found a faded altar of an unknown god.
  1383 | D:3      | Reached skill level 6 in Crossbows
  1383 | D:3      | Reached XP level 4. HP: 27/37 MP: 3/3
  1610 | D:3      | Reached skill level 1 in Armour
  1922 | D:3      | Found Pejoimn's Book Emporium.
  2174 | D:3      | Reached XP level 5. HP: 44/45 MP: 4/4
  2369 | D:4      | Noticed a black bear
  2376 | D:4      | Killed a black bear
  2381 | D:4      | Reached skill level 1 in Short Blades
  2381 | D:4      | Reached skill level 7 in Crossbows
  3081 | D:4      | Reached XP level 6. HP: 52/52 MP: 5/5
  3417 | D:5      | Entered Level 5 of the Dungeon
  3638 | D:5      | Reached skill level 1 in Stealth
  3688 | D:5      | Found a sand-covered staircase.
  3717 | Ossuary  | Entered an ossuary
  4168 | Ossuary  | Noticed a flying skull
  4168 | Ossuary  | Noticed a wraith
  4175 | Ossuary  | Noticed a flying skull
  4177 | Ossuary  | Noticed a flying skull
  4181 | Ossuary  | Noticed a flying skull
  4207 | Ossuary  | Noticed a flying skull
  4214 | Ossuary  | Noticed a wraith
  4262 | Ossuary  | HP: 1/78 [wraith (7)]
  4267 | Ossuary  | Killed a wraith
  4268 | Ossuary  | Reached XP level 7. HP: 9/59 MP: 6/6
  4739 | Ossuary  | Noticed a wraith
  4746 | Ossuary  | Killed a wraith
  4747 | Ossuary  | Reached skill level 8 in Crossbows
  5028 | D:5      | Found a runed translucent gate.
  5028 | D:5      | Identified the +1 leather armour of the Heron {-Tele rF+++
                  | Regen+ rCorr}
  5028 | D:5      | Noticed JBAR's ghost (amateur GnFi)
  5029 | D:5      | Found a runed translucent gate.
  5030 | D:5      | Found a runed translucent gate.
  5060 | D:5      | Found a stormy altar of Qazlal.
  5110 | D:5      | Noticed a fire elemental
  5111 | D:5      | Noticed a water elemental
  5111 | D:5      | Noticed an air elemental
  5118 | D:5      | Became a worshipper of Qazlal Stormbringer
  5459 | D:5      | Reached skill level 5 in Fighting
  5459 | D:5      | Reached XP level 8. HP: 67/68 MP: 7/7
  5597 | D:5      | Reached skill level 1 in Evocations
  5623 | D:5      | HP: 1/68 [poisoned by a water moccasin]
  5624 | D:5      | Succumbed to a water moccasin's poison

Illustrated notes

Levels and vault maps discovered:
D:1:      dpeg_arrival_stonehenge_8_columns, layout_rooms, st_stairs_1,
          solitary_fountain
D:2:      layout_loops_ring, dreamdust_ecumenical_altar_angels_and_demons
D:3:      minmay_angry_zag, layout_rooms, serial_shops,
          nicolae_shop_temple_entry_statues_fountains, skrybe_limestone_x
D:4:      layout_loops_ring, roderic_lattice_a, wad_floor_pattern_untrapped
D:5:      minmay_polygon_palace, layout_loops_cross,
          nicolae_qazlal_style_of_elements, biasface_ghost_orc_armoury,
          nicolae_ossuary_entry_plus

Skill      XL: |  1  2  3  4  5  6  7  8 |
---------------+-------------------------+-----
Crossbows      | 5 6 7 8 |  8.1
Armour         | 1 2 3 |  3.3
Fighting       | 3 4 5 |  5.3
Short Blades   | 1 2 4 |  4.8
Stealth        | 1 |  1.0
Dodging        | 3 4 |  4.0
Evocations     | 1 |  1.0

Action                   |  1- 3 |  4- 6 |  7- 9 || total
-------------------------+-------+-------+-------++-------
Melee: Short sword       |       |    78 |    66 ||   144
       Headbutt          |       |     9 |    11 ||    20
 Fire: Hand crossbow     |    70 |       |       ||    70
       Arbalest          |    35 |    80 |     9 ||   124
Evoke: Wand              |       |     4 |     3 ||     7
  Use: Scroll            |     2 |     3 |     2 ||     7
       Potion            |       |     7 |     4 ||    11
 Stab: Sleeping          |       |     3 |       ||     3
Armor: Leather armour    |     6 |    18 |    12 ||    36
       Skin              |       |    38 |       ||    38
Dodge: Dodged            |    16 |    58 |    43 ||   117
